 Dungeon Crawl Stone Soup version 0.22.1-1-ga44c0e5 (webtiles) character file.

111 Heatsaber the Magician (level 4, -1/23 HPs)
             Began as a Vine Stalker Warper on Oct 6, 2018.
             Blown up by Ijyb (3 damage)
             ... with a wand of disintegration (9)
             ... on level 2 of the Dungeon.
             The game lasted 00:09:23 (1396 turns).

Heatsaber the Magician (Vine Stalker Warper)        Turns: 1396, Time: 00:09:23

Health: -1/23      AC:  4    Str: 14    XL:     4   Next: 92%
Magic:  0/9        EV: 11    Int: 14    God:
Gold:   33         SH:  0    Dex: 13    Spells: 1/9 levels left

rFire    . . .     SeeInvis .   a - +0 short sword
rCold    . . .     Gourm    .   (no shield)
rNeg     . . .     Faith    .   b - +0 leather armour
rPois    .         Spirit   +   (no helmet)
rElec    .         Reflect  .   (no cloak)
rCorr    .         Harm     .   (no gloves)
MR       .....                  j - +0 pair of boots
Stlth    +.........             (no amulet)
HPRegen  0.47/turn              (no ring)
MPRegen  0.11/turn              (no ring)

@: shrouded
A: fangs 2, regeneration 1, magic shield, antimagic bite, no potion heal 3, rot
immunity
a: no special abilities


You were on level 2 of the Dungeon.
You were hungry.

You visited 1 branch of the dungeon, and saw 2 of its levels.

You collected 33 gold pieces.

Inventory:

Hand Weapons
 a - a +0 short sword (weapon)
Missiles
 e - 2 tomahawks of dispersal (quivered)
Armour
 b - a +0 leather armour (worn)
 j - a +0 pair of boots (worn)
Scrolls
 c - a scroll of random uselessness {unknown}
 d - a scroll of blinking
 i - 4 scrolls of identify {unknown}
 k - a scroll of remove curse {unknown}
 l - a scroll of enchant weapon {unknown}
 n - a scroll of fear {unknown}
 o - a scroll of enchant armour {unknown}
 p - a scroll of teleportation {unknown}
Potions
 h - a potion of lignification
 m - a potion of flight {unknown}
Comestibles
 f - 3 rations
 g - 3 chunks of flesh


   Skills:
 - Level 1.7 Fighting
 + Level 2.8 Short Blades
 - Level 0.8 Throwing
 + Level 2.0 Armour
 - Level 1.5 Dodging
 + Level 3.2 Spellcasting
 + Level 1.2 Charms
 - Level 3.0 Translocations


You had one spell level left.
You knew the following spells:

 Your Spells              Type           Power        Failure   Level  Hunger
a - Shroud of Golubria    Chrm/Tloc      #.........   16%         2    ##.....
b - Blink                 Tloc           N/A          12%         2    ##.....
c - Passage of Golubria   Tloc           N/A          58%         4    #####..

Your spell library contained the following spells:

 Spells                   Type           Power        Failure   Level  Hunger
 Gell's Gravitas          Tloc           ##........   22%         3    ###....
 Lesser Beckoning         Tloc           ##........   22%         3    ###....
 Teleport Other           Tloc           ##......     22%         3    ###....


Dungeon Overview and Level Annotations

Branches:
Dungeon (2/15)

Altars:

Annotations:
D:2 Ijyb


Innate Abilities, Weirdness & Mutations

You have extremely sharp teeth.
Your natural rate of healing is unusually fast.
When hurt, damage is shared between your health and your magic reserves.
Your bite disrupts and absorbs the magic of your enemies.
Potions cannot restore your health.
You are immune to rotting.


Message History

Ijyb is lightly wounded.
You miss Ijyb. Your bite misses Ijyb.
Ijyb is lightly wounded.
Ijyb zaps a wand.
You are blasted!
Ouch! That really hurt!
* * * LOW HITPOINT WARNING * * *
It is a wand of disintegration (12).
You barely miss Ijyb.
Ijyb is lightly wounded.
Ijyb hits you but does no damage.
You hit Ijyb but do no damage. Your bite misses Ijyb.
Ijyb is lightly wounded.
Ijyb zaps a wand.
You are blasted!
* * * LOW HITPOINT WARNING * * *
Ijyb zaps a wand.
You struggle to resist.
Ijyb zaps a wand.
You are blasted!
* * * LOW HITPOINT WARNING * * *
Ijyb screams, "You nasty!
Big nasty!"
Ijyb zaps a wand.
You are blasted!
You die...

....####..#.......
...## #..........
### #...######
#...# #.g.# #...#
##..# #..###
#@...# #.##.#
#.#### #)# #.#
####.####
#.......#
#.......#
#<......#


You could see Ijyb.

Vanquished Creatures
  A bullfrog (D:2)
  A gnoll (D:1)
  2 dart slugs
  A leopard gecko (D:1)
  A ball python (D:1)
  A giant cockroach (D:1)
  7 goblins
  5 hobgoblins (D:1)
  5 bats (D:1)
  2 frilled lizards (D:1)
  5 kobolds (D:1)
  6 rats
37 creatures vanquished.

Notes
Turn   | Place    | Note
-------+----------+-------------------------------------------
     0 | D:1      | Heatsaber the Vine Stalker Warper began the quest for the
                  | Orb.
     0 | D:1      | Reached XP level 1. HP: 11/11 MP: 4/4
    86 | D:1      | Reached skill level 1 in Armour
   124 | D:1      | Reached XP level 2. HP: 14/15 MP: 4/6
   485 | D:1      | Reached XP level 3. HP: 8/18 MP: 6/8
   836 | D:1      | Learned a level 2 spell: Shroud of Golubria
   839 | D:1      | Learned a level 2 spell: Blink
  1290 | D:2      | Noticed a bullfrog
  1301 | D:2      | Killed a bullfrog
  1301 | D:2      | Reached skill level 1 in Charms
  1301 | D:2      | Gained mutation: Your natural rate of healing is unusually
                  | fast. [Vine Stalker growth]
  1301 | D:2      | Reached XP level 4. HP: 9/23 MP: 3/9
  1336 | D:2      | Learned a level 4 spell: Passage of Golubria
  1381 | D:2      | Noticed Ijyb
  1390 | D:2      | HP: 1/23 [disintegration (6)]
  1396 | D:2      | Blown up by Ijyb

Skill      XL: |  1  2  3 |
---------------+----------+-----
Armour         | 1 2 |  2.0
Short Blades   | 2 |  2.8
Spellcasting   | 3 |  3.2
Charms         | 1 |  1.2
Fighting       | |  1.7
Throwing       | |  0.8
Dodging        | |  1.5
Translocations | |  3.0

Action                   |  1- 3 |  4- 6 || total
-------------------------+-------+-------++-------
Melee: Short sword       |    99 |    11 ||   110
       Bite              |    27 |     1 ||    28
Throw: Tomahawk          |     3 |       ||     3
 Cast: Shroud of Golubri |     1 |     2 ||     3
  Use: Potion            |     1 |       ||     1
  Eat: Chunk             |     1 |       ||     1
Armor: Leather armour    |    17 |     3 ||    20
       Skin              |     1 |       ||     1
Dodge: Dodged            |    51 |     1 ||    52
